 Dungeon Crawl Stone Soup version 0.29.1-15-g9cfb28693d (webtiles) character file.

Game seed: 4898982319154959957

42 booth the Chopper (level 3, 0/28 HPs)
             Began as a Demonspawn Gladiator on Mar 12, 2023.
             Was a Believer of Lugonu.
             Slain by a gnoll
             ... wielding a +0 club
              (5 damage)
             ... on level 2 of the Dungeon.
             The game lasted 00:07:09 (1019 turns).

booth the Chopper (Demonspawn Gladiator)            Turns: 1019, Time: 00:07:09

Health: 0/28       AC:  8    Str: 16    XL:     3   Next: 33%
Magic:  3/3        EV: 12    Int:  9    God:    Lugonu [**....]
Gold:   31         SH:  0    Dex: 14    Spells: 2/2 levels left

rFire   . . .      SeeInvis .   a - +0 war axe
rCold   . . .      Faith    .   (no shield)
rNeg    . . .      Spirit   .   b - +0 leather armour
rPois   .          Reflect  .   c - +0 helmet
rElec   .          Harm     .   g - +1 cloak
rCorr   .          Rampage  .   f - +0 pair of gloves
Will    .....                   j - +0 pair of boots
Stlth   +.........              (no amulet)
HPRegen 0.09/turn               (no ring)
MPRegen 0.08/turn               (no ring)

@: no status effects
A: hooves 1
a: Renounce Religion, Depart the Abyss, Bend Space


You were on level 2 of the Dungeon.
You worshipped Lugonu.
Lugonu was pleased with you.
You visited 1 branch of the dungeon, and saw 3 of its levels.

You collected 31 gold pieces.

Inventory:

Hand Weapons
 a - a +0 war axe (weapon)
Missiles
 d - 2 throwing nets (quivered)
 h - 3 poisoned darts
Armour
 b - a +0 leather armour (worn)
 c - a +0 helmet (worn)
 f - a +0 pair of gloves (worn)
 g - a +1 cloak (worn)
 j - a +0 pair of boots (worn)
Scrolls
 i - a scroll of vulnerability


   Skills:
 + Level 2.4 Fighting
 * Level 3.2 Axes
 + Level 2.2 Throwing
 + Level 3.0 Dodging


You had 2 spell levels left.
You didn't know any spells.
Your spell library was empty.

Dungeon Overview and Level Annotations

Branches:
Dungeon (3/15)

Altars:
Lugonu


Innate Abilities, Weirdness & Mutations

You have large cloven feet.


Message History

The gnoll hits you but does no damage.
You closely miss the gnoll.
The gnoll is severely wounded.
The gnoll closely misses you.
You barely miss the gnoll.
The gnoll is severely wounded.
The gnoll closely misses you. x2
Throw: 3 throwing nets
Press: ? - help, Q - select action, (/) - cycle Shift-Dir - straight line, f/p - gnoll
Aim: a gnoll, wielding a +0 club (severely wounded, 64% to hit)
You throw a throwing net. The throwing net hits the gnoll.
The gnoll is caught in the net!
The gnoll is severely wounded.
The gnoll struggles against the net.
The gnoll struggles against the net.
Throw: 4 darts (poison)
Press: ? - help, Q - select action, (/) - cycle Shift-Dir - straight line, f/p - gnoll
Aim: a gnoll, wielding a +0 club (severely wounded, entangled in a net, 93% to hit)
You throw a poisoned dart. The poisoned dart hits the gnoll.
The gnoll is severely wounded.
The gnoll struggles against the net.
The gnoll struggles against the net.
The gnoll struggles against the net.
A hobgoblin comes into view.
The hobgoblin drinks a potion.
The hobgoblin flickers and vanishes!
Deactivating autopickup; reactivate with Ctrl-A.
Something hits you but does no damage.
There is a stone staircase leading down here.
Something hits you but does no damage.
You climb downwards.
Reactivating autopickup.
Found 3 stones.
There is a stone staircase leading up here.
The orc priest shouts!
Something hits you but does no damage.
Deactivating autopickup; reactivate with Ctrl-A.
You climb upwards.
Reactivating autopickup.
The gnoll hits you with a +0 club.
You die...

#..... ......#
.......
#######.......
#..........[.
#............
#....†...####
#...†....###..
#..@g.<.......
#........#..#.
#........##.#
#............
#........#...
#####..........!..
#.......###.....##
#.....##....#...#
#.....)((##.#


You could see a gnoll.

Vanquished Creatures
  2 gnolls (D:2)
  An endoplasm (D:1)
  2 giant cockroaches
  4 goblins (D:1)
  A hobgoblin (D:1)
  3 ball pythons
  3 bats (D:1)
  2 kobolds (D:1)
  3 rats
21 creatures vanquished.

Notes
Turn   | Place    | Note
-------+----------+-------------------------------------------
     0 | D:1      | booth the Demonspawn Gladiator began the quest for the Orb.
     0 | D:1      | Reached XP level 1. HP: 16/16 MP: 1/1
   116 | D:1      | Found a faded altar of an unknown god.
   134 | D:1      | Prayed at the altar of an unknown god.
   134 | D:1      | Became a worshipper of Lugonu the Unformed
   134 | D:1      | Reached * piety under Lugonu
   134 | D:1      | Reached ** piety under Lugonu
   258 | D:1      | Gained mutation: You have large cloven feet. [demonic
                  | ancestry]
   258 | D:1      | Reached XP level 2. HP: 15/22 MP: 2/2
   991 | D:2      | Reached XP level 3. HP: 12/28 MP: 3/3
  1019 | D:2      | Slain by a gnoll

Illustrated notes

Levels and vault maps discovered:
D:1:      dpeg_arrival_solitude, layout_rooms,
          hellmonk_ecumenical_altar_crossroads, minmay_large_rounded_square,
          grunt_decor_mini_mirrors, serial_bayou_lagoon_b
D:2:      layout_rooms, serial_shops, nicolae_shop_hallway_plus,
          minmay_pentomino_t2
D:3:      layout_loops_ring, okawaru_ov_weapons_minmay, minmay_unequal

Skill      XL: |  1  2 |
---------------+-------+-----
Throwing       | 2 |  2.2
Axes           | 3 |  3.2
Dodging        | 3 |  3.0
Fighting       | |  2.4

Action                   || total
-------------------------++-------
Melee: War axe           ||    61
       Kick              ||     5
Throw: Dart              ||     1
       Javelin           ||     1
       Throwing net      ||     1
  Use: Scroll            ||     1
Armor: Leather armour    ||    30
Dodge: Dodged            ||    43
